 Dungeon Crawl Stone Soup version 0.30.1-9-gdf580d7c3d (webtiles) character file.

Game seed: 7925759635351441388

80009 GENGHISRONUS the Severer (level 15, -3/124 HPs)
             Began as a Minotaur Berserker on Sept 29, 2023.
             Was a High Priest of Trog.
             Slain by a tormentor (4 damage)
             ... on level 5 of the Abyss.
             The game lasted 00:53:07 (26615 turns).

GENGHISRONUS the Severer (Minotaur Berserker)      Turns: 26615, Time: 00:53:08

Health: -3/124     AC: 33    Str: 29      XL:     15   Next: 22%
Magic:  0/14       EV: 10    Int:  3 (4)  God:    Trog [*****.]
Gold:   1233       SH: 14    Dex:  5 (6)  Spells: 14/14 levels left

rFire   x . .        R - +4 broad axe
rCold   + . .        u - +0 tower shield
rNeg    . . .        i - +18 Lear's hauberk
rPois   .            (helmet currently unavailable)
rElec   +            L - +1 cloak {Stlth+}
rCorr   .            (gloves currently unavailable)
SInv    +            (boots currently unavailable)
Will    +....        w - amulet of guardian spirit Stlth
                     H - ring of protection from fire
HPRegen 0.00/turn    M - ring "Plog" {rElec rC+ Dex-2 SInv}
MPRegen 0.14/turn

%: guardian spirit
@: on berserk cooldown, sick
A: horns 2, retaliatory headbutt, [clumsy 1], [deterioration 2], [frail 1], [no
potion heal 2], [heat vulnerability 2]
a: Renounce Religion, Berserk, Trog's Hand, Brothers in Arms


You were on level 5 of the Abyss.
You worshipped Trog.
Trog was extremely pleased with you.
You visited 2 branches of the dungeon, and saw 20 of its levels.
You visited the Abyss 1 time.
You also visited: Sewer, Ossuary and Gauntlet.

You collected 1758 gold pieces.
You spent 525 gold pieces at shops.

Inventory:

Hand Weapons
 t - a +3 battleaxe of freezing
 R - a +4 broad axe (weapon)
 S - a +4 heavy war axe
Missiles
 J - a throwing net (quivered)
Armour
 i - the +18 Lear's hauberk (worn)
   (You found it on level 1 of the Lair of Beasts)
 o - a +2 plate armour of poison resistance
 u - a +0 tower shield (worn)
 L - a +1 cloak of stealth (worn)
 T - a +0 pair of boots
 W - a +1 pair of gloves
Jewellery
 m - a ring of positive energy
 w - an amulet of guardian spirit (around neck)
 y - a ring of flight
 H - a ring of protection from fire (left hand)
 M - the ring "Plog" (right hand) {rElec rC+ Dex-2 SInv}
   (You found it in a Gauntlet)

   [ring of see invisible]

   Dex:       It affects your dexterity (-2).
   rC:        It protects you from cold.
   rElec:     It insulates you from electricity.
   SInv:      It lets you see invisible.
Wands
 e - a wand of polymorph (14)
 f - a wand of iceblast (9)
 l - a wand of digging (6)
 A - a wand of flame (45)
 K - a wand of mindburst (17)
 U - a wand of paralysis (6)
Scrolls
 a - 4 scrolls of amnesia
 d - a scroll of magic mapping
 k - a scroll of silence
 p - 3 scrolls of identify
 C - 2 scrolls of fog
 G - 5 scrolls of teleportation
 I - 5 scrolls of poison
 N - 5 scrolls of butterflies
 O - a scroll of immolation
 P - 2 scrolls of enchant weapon
 V - 2 scrolls of enchant armour
 Z - a scroll of brand weapon
Potions
 b - 5 potions of lignification
 c - 2 potions of cancellation
 g - a potion of berserk rage
 h - 8 potions of might
 n - 4 potions of mutation
 q - a potion of resistance
 r - 3 potions of ambrosia {unknown}
 s - 5 potions of flight
 v - a potion of experience {unknown}
 x - 7 potions of degeneration
 B - 3 potions of brilliance
 D - 8 potions of curing
 E - 2 potions of magic {unknown}
 F - 4 potions of attraction {unknown}
 Q - a potion of invisibility {unknown}
Miscellaneous
 z - a piece from Xom's chessboard (15/15)


   Skills:
 + Level 14.2 Fighting
 + Level 15.2 Axes
 + Level 13.8 Armour
 + Level 12.7 Dodging
 + Level 11.5 Shields
 + Level 10.5 Evocations


You had 14 spell levels left.
You didn't know any spells.
Your spell library was empty.

Dungeon Overview and Level Annotations

Branches:
Dungeon (15/15)            Temple (0/1) D:6            Lair (5/5) D:11
  Swamp (0/4) Lair:3       Spider (0/4) Lair:2        Slime (0/5) Lair:4
    Orc (0/2) D:12         Vaults (0/5) D:14         Depths (0/4) D:15
  Sewer (visited)         Ossuary (visited)         Gauntlet (visited)

Altars:
Cheibriados
Nemelex Xobeh
Ru
Sif Muna
Wu Jian
Xom
Jiyva

Shops:
D:5 *   D:11 (   D:15 **

Portals:
Trove: D:10 (show slimy rune of Zot)

Annotations:
Gauntlet 9 transporters


Innate Abilities, Weirdness & Mutations

You have a pair of horns on your head.
You reflexively headbutt those who attack you in melee.
[You are clumsy. (Dex -2)]
[Your body often deteriorates upon taking damage.]
[You are frail. (-10% HP)]
[Potions cannot restore your health.]
[You are very vulnerable to heat. (rF--)]


Message History

You block the ufetubus's attack.
A starcursed mass comes into view.
You block the ufetubus's attack.
The ufetubus hits you but does no damage.
The ufetubus attacks as you move away! You block the ufetubus's attack. x2
The tormentor calls on the powers of darkness!
You feel a surge of unholy energy. The ufetubus closely misses you.
The ufetubus hits you but does no damage.
The ufetubus attacks as you move away! You block the ufetubus's attack.
The ufetubus hits you but does no damage. x2
You block the ufetubus's attack. You block the ufetubus's attack.
The ufetubus hits you but does no damage.
A starcursed mass splits. x2; You block the ufetubus's attack. x2
The ufetubus attacks as you move away! You block the ufetubus's attack. x2
The tormentor closely misses you. You block the tormentor's attack.
The tormentor attacks as you move away! You block the tormentor's attack. x2
The tormentor calls on the powers of darkness!
You feel a surge of unholy energy.
The green ugly thing convulses!
The neqoxec shouts!
The tormentor calls on the powers of darkness!
The green ugly thing convulses!
You feel a surge of unholy energy.
The tormentor says, "I will show you what pain is."
You block the tormentor's attack. x2
The ufetubus disappears in a puff of smoke!
The tormentor calls on the powers of darkness!
You feel a surge of unholy energy.
The green ugly thing convulses!
You feel yourself speed up.
A starcursed mass splits.
The tormentor hits you but does no damage.
The tormentor barely misses you.
The tormentor calls on the powers of darkness!
You feel a surge of unholy energy.
The green ugly thing convulses!
The tormentor hits you but does no damage.
The tormentor closely misses you. You block the tormentor's attack.
The tormentor hits you.
You writhe in agony.
The neqoxec gestures at you.
Something tries to feed on your intellect!
The tormentor barely misses you. The tormentor hits you.
You die... ########### #..3.XXu2@# #.##X###### #.# .X≈XX

#.. .
#.#X.~
#X...~≈..≈
#.####.#.~
#5## #
####.# .
#.##2.


You could see a starcursed mass, a tentacled monstrosity, a green ugly thing, a
large abomination, a tormentor and a neqoxec.

Vanquished Creatures
  A tentacled starspawn (Abyss:4)
  Kirke (D:12)
  The ghost of laqueoix the Fencer, a journeyman DsGl of Wu Jian (Lair:5)
  Josephine (D:11)
  9 hydras
  An ice dragon (Lair:5)
  A boulder beetle (D:14)
  3 two-headed ogres
  4 centaur warriors
  A catoblepas (D:13)
  2 dancing weapons (D:14)
  Urug (Lair:4)
  2 tengu warriors
  Sonja (D:10)
  3 thrashing horrors (Abyss:3)
  A wretched star (Abyss:4)
  Amaemon (Lair:1)
  A sixfirhy (Abyss:3)
  A pharaoh ant (Lair:2)
  9 skeletal warriors
  A spectral hydra (Lair:5)
  2 spatial maelstroms
  A deep elf archer (D:14)
  3 lindwurms (Lair:5)
  4 deep elf pyromancers
  2 oklob plants (Lair:4)
  3 cyclopes (D:12)
  7 ugly things
  14 elephants
  A black mamba (shapeshifter) (D:13)
  2 black mambas
  Maurice (D:8)
  An orange demon (Lair:1)
  A gargoyle (D:13)
  14 cane toads
  An unseen horror (D:13)
  A rime drake (Lair:5)
  6 torpor snails (Lair:5)
  Maggie (D:7)
  8 komodo dragons
  An efreet (D:14)
  2 kobold demonologists
  An ice devil (Gauntlet)
  2 tengu conjurers
  A troll (D:8)
  A large abomination (Abyss:3)
  7 hornets
  7 tyrant leeches
  Grinder (Sewer)
  A tarantella (Lair:2)
  8 blink frogs
  4 dream sheep (Lair:5)
  A jumping spider (shapeshifter) (D:13)
  3 spectral black mambas (Lair:5)
  8 slime creatures
  Sigmund (D:3)
  A vampire (D:15)
  2 hogs (D:12)
  6 wraiths
  A shadow (D:10)
  2 basilisks
  A steam dragon (Lair:3)
  54 yaks
  9 vampire mosquitoes
  A golden eye (Abyss:3)
  3 redbacks (Lair:2)
  2 acid dragons
  Duvessa (D:7)
  8 water moccasins
  2 ice beasts
  5 orc warriors
  A sky beast (D:6)
  2 black bears (D:6)
  4 centaurs
  3 phantoms
  12 kobold brigands
  A small abomination (Abyss:4)
  13 bullfrogs
  2 elf zombies (Ossuary)
  6 scorpions
  2 gnoll sergeants
  A cane toad simulacrum (Lair:5)
  10 wights
  Dowan (D:7)
  15 killer bees
  4 howler monkeys
  A komodo dragon simulacrum (Lair:5)
  4 hounds
  Crazy Yiuf (D:3)
  2 jellies
  9 orc priests
  2 gnoll boudas
  2 sleepcaps
  Ijyb (D:5)
  3 iguanas (D:5)
  5 orc wizards
  3 mummies (Ossuary)
  4 adders
  20 gnolls
  4 shadow imps
  6 white imps
  An ufetubus (Sewer)
  5 worms
  4 dart slugs
  32 orcs
  2 bat zombies (Sewer)
  11 endoplasms
  7 giant cockroaches
  3 goblins
  7 hobgoblins
  8 jackals
  50 kobolds
  3 quokkas
  11 ball pythons
  6 bats
  A frilled lizard (D:3)
  A gnoll zombie (Ossuary)
  5 goblin zombies (Ossuary)
  3 hobgoblin zombies (Ossuary)
  3 kobold zombies
  8 rats
  A butterfly (D:6)
  2 starspawn tentacles (Abyss:4)
584 creatures vanquished.

Vanquished Creatures (others)
  2 humans (D:12)
  A spectral komodo dragon (Lair:5)
  An ufetubus (Abyss:4)
  4 starspawn tentacles (Abyss:5)
8 creatures vanquished.

Grand Total: 592 creatures vanquished

Notes
Turn   | Place    | Note
-------+----------+-------------------------------------------
     0 | D:1      | GENGHISRONUS the Minotaur Berserker began the quest for the
                  | Orb.
     0 | D:1      | Reached XP level 1. HP: 19/19 MP: 0/0
   100 | D:1      | Reached skill level 4 in Axes
   100 | D:1      | Reached XP level 2. HP: 23/27 MP: 1/1
   724 | D:2      | Reached XP level 3. HP: 33/33 MP: 2/2
   963 | D:2      | Found an ornate altar of the Wu Jian Council.
  1157 | D:2      | Reached ** piety under Trog
  1391 | D:3      | Reached XP level 4. HP: 41/41 MP: 3/3
  1480 | D:3      | Noticed Sigmund
  1488 | D:3      | Killed Sigmund
  1489 | D:3      | Reached skill level 5 in Fighting
  1489 | D:3      | Reached skill level 5 in Axes
  1489 | D:3      | Reached skill level 1 in Evocations
  1489 | D:3      | Reached XP level 5. HP: 37/48 MP: 4/4
  1787 | D:3      | Found a runed translucent door.
  1788 | D:3      | Noticed Crazy Yiuf
  1840 | D:3      | Noticed a phantom
  1845 | D:3      | Killed a phantom
  1846 | D:3      | Reached XP level 6. HP: 50/56 MP: 5/5
  2005 | D:3      | Found a snail-covered altar of Cheibriados.
  2083 | D:3      | Killed Crazy Yiuf
  2084 | D:3      | Reached skill level 6 in Axes
  2516 | D:4      | Reached XP level 7. HP: 55/61 MP: 4/6
  3069 | D:5      | Entered Level 5 of the Dungeon
  3069 | D:5      | Noticed Ijyb
  3079 | D:5      | Killed Ijyb
  3082 | D:5      | Reached *** piety under Trog
  3084 | D:5      | Reached skill level 7 in Axes
  3296 | D:5      | Found Doupsun's General Store.
  3305 | D:5      | Bought a scroll of blinking for 75 gold pieces
  3305 | D:5      | Bought a potion of berserk rage for 50 gold pieces
  3305 | D:5      | Bought a potion of flight for 30 gold pieces
  3937 | D:5      | Reached skill level 5 in Armour
  3937 | D:5      | Reached XP level 8. HP: 34/70 MP: 4/7
  4883 | D:6      | Reached skill level 8 in Axes
  4883 | D:6      | Reached skill level 1 in Shields
  5023 | D:6      | Reached skill level 5 in Dodging
  5203 | D:6      | Reached XP level 9. HP: 55/78 MP: 4/8
  5206 | D:6      | Reached skill level 9 in Axes
  5332 | D:6      | Found a glowing drain.
  5359 | Sewer    | Entered a sewer
  5518 | Sewer    | Found an ancient bone altar of Kikubaaqudgha.
  5523 | Sewer    | Noticed Grinder
  5546 | Sewer    | Killed Grinder
  5546 | Sewer    | Reached **** piety under Trog
  5793 | D:6      | Identified the +3 leather armour of Complete Protection
                  | {Fly rN++ Int-4}
  5864 | D:6      | Found a shimmering altar of Xom.
  5918 | D:6      | Found a staircase to the Ecumenical Temple.
  6245 | D:7      | Noticed Maggie
  6267 | D:7      | Killed Maggie
  6335 | D:7      | Noticed Duvessa
  6338 | D:7      | Noticed Dowan
  6343 | D:7      | Killed Duvessa
  6353 | D:7      | Killed Dowan
  6380 | D:7      | Found a shimmering blue altar of Sif Muna.
  6419 | D:7      | Found a sand-covered staircase.
  6443 | Ossuary  | Entered an ossuary
  6487 | Ossuary  | Reached skill level 10 in Axes
  6787 | Ossuary  | Reached XP level 10. HP: 83/88 MP: 9/9
  7616 | D:8      | Noticed Maurice
  7626 | D:8      | Killed Maurice
  7627 | D:8      | Reached skill level 5 in Shields
  7714 | D:8      | Reached skill level 5 in Evocations
  8507 | D:8      | Found a sacrificial altar of Ru.
  8582 | D:8      | Reached ***** piety under Trog
  8754 | D:8      | Noticed an orange demon
  9619 | D:9      | Found a sparkling altar of Nemelex Xobeh.
 10064 | D:9      | Reached skill level 11 in Axes
 10485 | D:10     | Entered Level 10 of the Dungeon
 10511 | D:10     | Reached XP level 11. HP: 66/96 MP: 6/10
 10717 | D:10     | Received a gift from Trog
 10762 | D:10     | Noticed Sonja
 10773 | D:10     | Killed Sonja
 11267 | D:10     | Found a portal to a secret trove of treasure.
 11639 | D:11     | Noticed Josephine
 11643 | D:11     | Reached skill level 10 in Fighting
 11653 | D:11     | Killed Josephine
 11765 | D:11     | Noticed a two-headed ogre
 11794 | D:11     | Killed a two-headed ogre
 12141 | D:11     | Reached skill level 12 in Axes
 12214 | D:11     | Found a staircase to the Lair.
 12231 | D:11     | Noticed a cyan ugly thing
 12247 | D:11     | Killed a cyan ugly thing
 12248 | D:11     | Reached skill level 10 in Armour
 12504 | D:11     | Found Ynirikloty's Antique Weapon Shoppe.
 12763 | D:5      | Bought a +2 plate armour of poison resistance for 370 gold
                  | pieces
 12943 | Lair:1   | Entered Level 1 of the Lair of Beasts
 12958 | Lair:1   | Reached XP level 12. HP: 68/108 MP: 8/11
 13477 | Lair:1   | Noticed Amaemon
 13486 | Lair:1   | Killed Amaemon
 13491 | Lair:1   | Received a gift from Trog
 13748 | Lair:1   | Found the +18 Lear's hauberk
 13800 | Lair:1   | You are sucked into a shaft and drop 1 floor!
 14141 | Lair:2   | Found a hole to the Spider Nest.
 14169 | Lair:2   | HP: 7/147 [pharaoh ant (6)]
 14588 | Lair:2   | Reached skill level 10 in Dodging
 14949 | Lair:2   | Noticed a seven-headed hydra
 14960 | Lair:2   | Killed a seven-headed hydra
 16023 | Lair:3   | Reached skill level 13 in Axes
 16265 | Lair:3   | Found a staircase to the Swamp.
 16779 | Lair:3   | Reached XP level 13. HP: 117/117 MP: 12/12
 17378 | Lair:4   | Found a viscous altar of Jiyva.
 17379 | Lair:4   | Found a staircase to the Slime Pits.
 17777 | Lair:4   | Noticed Urug
 17779 | Lair:4   | Found the +1 robe of Vines {NoPotionHeal Regen++++}
 17787 | Lair:4   | Killed Urug
 19004 | Lair:5   | Entered Level 5 of the Lair of Beasts
 19062 | Lair:5   | Received a gift from Trog
 19293 | Lair:5   | Found a runed translucent door.
 19451 | Lair:5   | Paralysed by a hornet for 2 turns
 19458 | Lair:5   | Paralysed by a hornet for 2 turns
 19909 | Lair:5   | Reached skill level 14 in Axes
 20139 | Lair:5   | Reached XP level 14. HP: 120/127 MP: 11/13
 20381 | Lair:5   | Found a runed translucent gate.
 20382 | Lair:5   | Found a runed translucent gate.
 20382 | Lair:5   | Found a runed translucent gate.
 20642 | Lair:5   | Noticed laqueoix's ghost (journeyman DsGl)
 20802 | Lair:5   | Killed laqueoix's ghost
 20811 | Lair:5   | Reached skill level 10 in Shields
 20814 | Lair:5   | Received a gift from Trog
 21400 | D:12     | Found a staircase to the Orcish Mines.
 21411 | D:12     | Noticed Kirke
 21430 | D:12     | Killed Kirke
 23939 | D:14     | Reached skill level 10 in Evocations
 23991 | D:14     | Found a gate to the Vaults.
 25066 | D:15     | Entered Level 15 of the Dungeon
 25167 | D:15     | Reached skill level 15 in Axes
 25200 | D:15     | Found Faginu's General Store.
 25254 | D:15     | Reached XP level 15. HP: 113/138 MP: 8/14
 25300 | D:15     | Found Ikyipp's Blood Bar.
 25332 | D:15     | Found a gate leading to a gauntlet.
 25353 | Gauntlet | Entered a Gauntlet
 25353 | Gauntlet | Found a transporter.
 25353 | Gauntlet | Found a transporter.
 25353 | Gauntlet | Found a transporter.
 25559 | Gauntlet | Found a transporter.
 25569 | Gauntlet | Found a transporter.
 25573 | Gauntlet | Found a transporter.
 25589 | Gauntlet | Found a transporter.
 25604 | Gauntlet | Found a transporter.
 25609 | Gauntlet | Found a transporter.
 25613 | Gauntlet | Found a transporter.
 25623 | Gauntlet | Found a transporter.
 25627 | Gauntlet | Found a transporter.
 25806 | Gauntlet | Identified the ring "Plog" {rElec rC+ Dex-2 SInv}
 25824 | Abyss:3  | Cast into level 3 of the Abyss (a wizard)
 25919 | Abyss:4  | Noticed a daeva
 26331 | Abyss:4  | Noticed a tentacled starspawn
 26397 | Abyss:4  | Noticed a tentacled starspawn
 26409 | Abyss:4  | Killed a tentacled starspawn
 26449 | Abyss:5  | Noticed a dread lich
 26457 | Abyss:5  | HP: 1/124 [hell hog/fireball (30)]
 26459 | Abyss:5  | Found a corrupted altar of Lugonu.
 26529 | Abyss:5  | Noticed a tentacled starspawn
 26545 | Abyss:5  | Noticed a tentacled monstrosity
 26582 | Abyss:5  | HP: 3/124 [large abomination (8)]
 26597 | Abyss:5  | HP: 1/124 [tormentor (2)]
 26615 | Abyss:5  | Slain by a tormentor

Illustrated notes

Levels and vault maps discovered:
D:1:      saegor_arrival_simple_b, layout_rooms, moated_statue,
          due_unseen_surprise
D:2:      layout_basic, basic_altar, chequers_serial_rivers_micro_a
D:3:      layout_rooms, mainiacjoe_overflow_alcove_4, grunt_decor_junction,
          uniq_crazy_yiuf_cottage, uniq_sigmund
D:4:      layout_layer_cave, minmay_checkerbox
D:5:      layout_layer_cave, serial_shops, shop, uniq_ijyb
D:6:      layout_rooms, xom_butterflies, minmay_temple_entry_offerings,
          portal_sewer_entry_b
D:7:      layout_cave_pools, nicolae_sif_muna_little_library,
          nicolae_ossuary_entry_monument, uniq_maggie, uniq_duvessa
D:8:      nicolae_cairo_tiling_very_big, layout_gridville,
          mainiacjoe_overflow_six_doors_small, special_room
          [special_room_kobold], uniq_maurice
D:9:      layout_layer_cave, mainiacjoe_overflow_cross_hatched, minivault_22,
          minivault_23, serial_bayou_lagoon_a
D:10:     hellmonk_destroyed_diamonds, layout_rooms,
          nicolae_trove_entry_crystal, kennysheep_generic_room_14, uniq_sonja
D:11:     layout_basic, lair_entry_dummy, serial_shops, shop,
          minmay_tree_intersection, uniq_josephine
D:12:     layout_layer_cave, orc_0_dummy, uniq_kirke
D:13:     layout_basic
D:14:     layout_irregular_city, erik_vaults_1, serial_glass, glass_columns_b,
          glass_columns_c
D:15:     gammafunk_enter_depths_forms, layout_basic, gauntlet_entry_generic,
          hangedman_abyss_or_decor_clamps, serial_shops, nicolae_diamond_shop,
          nicolae_water_bricks, guppyfry_shop_blood
Lair:1:   layout_gridlike, uniq_amaemon
Lair:2:   layout_cave_pods, nicolae_spider_entry_lesser_pyramids, minivault_25,
          minivault_27, serial_bayou_shore_a
Lair:3:   layout_hall_layers, minmay_swamp_entry_worms
Lair:4:   layout_long_grid, slime_entry_1, hellmonk_guarded_unrand_vines,
          uniq_urug
Lair:5:   wormcave, layout_small_grid, gammafunk_ghost_necromancy
Abyss:5:  base: D:11, onia_ninara_dug_in_and_dangerous, evilmike_abyss_exit_10,
          doesnt_abyss_rune_brain_food, gammafunk_abyss_rune_reverse_zot,
          nicolae_abyss_rune_left_handed,
          hangedman_grunt_abyss_rune_horror_hoard, evilmike_abyss_exit_11
Gauntlet: gammafunk_gauntlet_hard_choice [gammafunk_gauntlet_arena_mazey,
          gammafunk_gauntlet_arena_chambers, nicolae_gauntlet_arena_t_cross,
          nicolae_gauntlet_swirl, gammafunk_gauntlet_arena_split_x,
          gammafunk_gauntlet_arena_hedges, gauntlet_exit_watery]

Skill      XL: |  1  2  3  4  5  6  7  8  9 10 11 12 13 14 |
---------------+-------------------------------------------+-----
Fighting       | 4 5 6 8 9 10 11 12 14 | 14.2
Axes           | 4 5 6 7 8 10 11 12 13 14 15 | 15.2
Armour         | 3 4 5 6 7 8 10 11 12 13 | 13.8
Dodging        | 3 4 5 6 7 9 10 11 12 | 12.7
Evocations     | 1 2 3 4 6 7 8 9 10 | 10.5
Shields        | 2 4 5 6 8 9 11 | 11.5

Action                     |  1- 3 |  4- 6 |  7- 9 | 10-12 | 13-15 || total
---------------------------+-------+-------+-------+-------+-------++-------
  Melee: Hand axe          |    83 |     1 |       |       |       ||    84
         Headbutt          |     9 |    21 |    56 |   139 |   246 ||   471
         Punch             |     2 |     2 |     1 |       |       ||     5
         Flail             |       |    94 |   369 |   364 |       ||   827
         Unarmed           |       |       |     1 |       |       ||     1
         Broad axe         |       |       |       |   157 |   264 ||   421
         Demon whip        |       |       |       |   261 |   507 ||   768
 Invoke: Berserk           |     1 |     2 |     4 |     6 |    10 ||    23
         Trog's Hand       |       |       |     5 |     2 |     7 ||    14
  Evoke: Wand              |       |       |       |    15 |     6 ||    21
    Use: Scroll            |       |     8 |     7 |     6 |    17 ||    38
         Potion            |       |       |     2 |     3 |     5 ||    10
   Stab: Invisible         |       |       |       |     3 |       ||     3
 Armour: Animal skin       |     2 |       |       |       |       ||     2
         Chain mail        |    36 |    65 |   273 |    65 |   749 ||  1188
         Plate armour      |       |       |       |   454 |       ||   454
  Dodge: Dodged            |    46 |    61 |   253 |   335 |   439 ||  1134
  Block: Buckler           |       |       |    65 |   129 |       ||   194
         Tower shield      |       |       |       |   250 |   825 ||  1075
